 Dungeon Crawl Stone Soup version 0.24.0-13-gcf9b3192b9 (console) character file.

Game seed: 1026590009460327967, levelgen mode: deterministic

347 AlterAsc the Changer (level 6, -13/47 HPs)
             Began as a Draconian Transmuter on Nov 6, 2019.
             Was a Follower of Uskayaw.
             Mangled by an ogre
             ... wielding a cursed +0 giant club
              (28 damage)
             ... on level 4 of the Dungeon.
             The game lasted 00:13:18 (3933 turns).

AlterAsc the Changer (Draconian Transmuter)         Turns: 3933, Time: 00:13:19

Health: -13/47     AC:  8    Str: 12    XL:     6   Next: 32%
Magic:  8/11       EV: 12    Int: 15    God:    Uskayaw [*.....]
Gold:   233        SH:  0    Dex: 15    Spells: 4/12 levels left

rFire    . . .     SeeInvis .     - Unarmed
rCold    . . .     Gourm    .   (no shield)
rNeg     . . .     Faith    .   (armour unavailable)
rPois    .         Spirit   .   (helmet restricted)
rElec    .         Reflect  .   n - +0 cloak
rCorr    .         Harm     .   (no gloves)
MR       +....                  o - +0 pair of boots
Stlth    +.........             (no amulet)
HPRegen  0.15/turn              l - +3 ring of dexterity
MPRegen  0.12/turn              i - ring of protection from magic

@: appendage
A: unfitting armour, horns 2, cold-blooded, AC +6
a: End Transformation, Stomp, Renounce Religion


You were on level 4 of the Dungeon.
You worshipped Uskayaw.
Uskayaw was noncommittal.
You were not hungry.
You had grown temporary horns.
You visited 2 branches of the dungeon, and saw 5 of its levels.

You collected 233 gold pieces.

Inventory:

Missiles
 a - 4 arrows
Armour
 n - a +0 cloak (worn)
 o - a +0 pair of boots (worn)
Jewellery
 f - an uncursed ring of flight
 i - a ring of protection from magic (right hand)
 l - a +3 ring of dexterity (left hand)
Wands
 q - a wand of enslavement (7)
Scrolls
 b - a scroll of immolation
 d - a scroll of magic mapping
 e - 2 scrolls of enchant weapon
 g - 3 scrolls of amnesia
 h - 2 scrolls of identify
 j - a scroll of random uselessness {unknown}
 m - 2 scrolls of teleportation
 p - a scroll of remove curse {unknown}
Potions
 k - a potion of curing {unknown}
 r - a potion of brilliance {unknown}
Comestibles
 c - 6 rations


   Skills:
 - Level 1.2 Fighting
 - Level 1.8 Dodging
 - Level 3.0 Unarmed Combat
 + Level 3.8 Spellcasting
 * Level 5.6 Transmutations


You had 4 spell levels left.
You knew the following spells:

 Your Spells              Type           Power        Failure   Level  Hunger
a - Beastly Appendage     Tmut           ###...       1%          1    None
b - Sticks to Snakes      Tmut           ###.....     2%          2    ##.....
c - Blade Hands           Tmut           ###.......   45%         5    ######.

Your spell library contained the following spells:

 Spells                   Type           Power        Failure   Level  Hunger
 Spider Form              Tmut/Pois      ##........   17%         3    ###....
 Summon Small Mammal      Summ           #...         19%         1    None
 Call Imp                 Summ           #.......     28%         2    ##.....
 Call Canine Familiar     Summ           #.......     50%         3    ###....
 Summon Guardian Golem    Hex/Summ       #.......     50%         3    ###....
 Ice Form                 Ice/Tmut       ##......     50%         4    ####...
 Summon Ice Beast         Ice/Summ       #.......     88%         4    ####...
 Summon Lightning Spire   Summ/Air       #.......     88%         4    ####...


Dungeon Overview and Level Annotations

Branches:
Dungeon (4/15)             Temple (1/1) D:4

Altars:
Cheibriados
Dithmenos
Elyvilon
Gozag
Nemelex Xobeh
Okawaru
Qazlal
Ru
Trog
Uskayaw
Wu Jian
Zin
The Shining One

Annotations:
D:4 exclusion: ogre, Eustachio


Innate Abilities, Weirdness & Mutations

Your plain brown scales are hard. (AC +6)
You cannot fit into any form of body armour.
You are cold-blooded and may be slowed by cold attacks.
You have a pair of horns on your head.


Message History

Really walk into a travel-excluded area?
The ogre shouts!
Casting: Beastly Appendage (safe; 1% risk of failure)
Confirm with . or Enter, or press ? or * to list all spells.
You create a snake!
You now have 4 arrows.
Casting: Sticks to Snakes (safe; 2% risk of failure)
Confirm with . or Enter, or press ? or * to list all spells.
You grow a pair of large bovine horns.
Your ball python bites the ogre.
You hit the ogre. You headbutt the ogre.
Your tail-slap misses the ogre.
The ogre is moderately wounded.
The ogre hits you with a cursed +0 giant club!!
Ouch! That really hurt!
Your ball python bites the ogre.
You completely miss the ogre. Your headbutt misses the ogre.
The ogre is moderately wounded.
Your ball python bites the ogre.
The ogre hits you with a cursed +0 giant club!!
Ouch! That really hurt!
You die...

##### ##### #######...####
###...# # #...#........# ......##
#..##............#
.......###.....S...#.....#####
.......##......O@........#...#
............#######....#.#...#
...........#..≈≈≈..#.....#..##
..........#..≈...≈..#........#
...##....#...≈._.≈...#..#...##
..........#..≈...≈..#...#..##
......#....#..≈≈≈..#...###.######
......#.....#######....#....##..#
.........................#......#


You could see an ogre and a friendly ball python.

Vanquished Creatures
  An ogre (D:4)
  An iguana (D:4)
  3 worker ants (D:4)
  8 adders
  An ooze (D:3)
  An adder skeleton (D:4)
  4 worms
  2 dart slugs
  3 leopard geckos
  5 orcs
  4 giant cockroaches
  8 goblins
  6 hobgoblins
  14 jackals
  7 kobolds
  A ball python (D:3)
  6 bats
  A frilled lizard (D:2)
  10 rats
86 creatures vanquished.

Vanquished Creatures (collateral kills)
  A leopard gecko (D:4)
1 creature vanquished.

Grand Total: 87 creatures vanquished

Notes
Turn   | Place    | Note
-------+----------+-------------------------------------------
     0 | D:1      | AlterAsc the Draconian Transmuter began the quest for the
                  | Orb.
     0 | D:1      | Reached XP level 1. HP: 16/16 MP: 3/3
   111 | D:1      | Reached XP level 2. HP: 9/23 MP: 5/5
   781 | D:2      | Reached skill level 3 in Transmutations
   781 | D:2      | Reached XP level 3. HP: 24/28 MP: 4/6
  1432 | D:2      | Reached XP level 4. HP: 21/35 MP: 8/8
  1933 | D:3      | Reached skill level 4 in Transmutations
  2475 | D:3      | Reached XP level 5. HP: 38/40 MP: 9/9
  2480 | D:3      | Learned a level 2 spell: Sticks to Snakes
  2486 | D:3      | Learned a level 5 spell: Blade Hands
  2717 | D:3      | Found a shadowy altar of Dithmenos.
  2957 | D:4      | Found a sacrificial altar of Ru.
  2996 | D:4      | Noticed an ogre
  3089 | D:4      | Reached skill level 5 in Transmutations
  3232 | D:4      | Noticed Eustachio
  3282 | D:4      | Noticed an ogre
  3316 | D:4      | Killed an ogre
  3316 | D:4      | Reached XP level 6. HP: 19/47 MP: 4/11
  3330 | D:4      | Found a staircase to the Ecumenical Temple.
  3337 | Temple   | Entered the Ecumenical Temple
  3538 | Temple   | Became a worshipper of Uskayaw the Reveler
  3668 | D:4      | Reached * piety under Uskayaw
  3674 | D:4      | Reached ** piety under Uskayaw
  3933 | D:4      | Mangled by an ogre

Levels and vault maps discovered:
D:1:      kennysheep_arrival_seaside, layout_rooms
D:2:      layout_loops_ring
D:3:      layout_basic, lemuel_coloured_pillars_altar, first_ration,
          hex_intersection
D:4:      layout_cave_pools, nicolae_ru_awakened_eye,
          minmay_temple_entry_enclosed_plants, uniq_eustachio
Temple:   minmay_temple_curvy_loop

Skill      XL: |  1  2  3  4  5 |
---------------+----------------+-----
Transmutations | 3 4 5 |  5.6
Spellcasting   | 3 |  3.8
Fighting       | |  1.2
Dodging        | |  1.8
Unarmed Combat | |  3.0

Action                   |  1- 3 |  4- 6 || total
-------------------------+-------+-------++-------
Melee: Unarmed           |   132 |   218 ||   350
       Tailslap          |    14 |    29 ||    43
       Kick              |     5 |     3 ||     8
       Punch             |     3 |     3 ||     6
       Headbutt          |     8 |    35 ||    43
 Cast: Beastly Appendage |    14 |    26 ||    40
       Sticks to Snakes  |       |     7 ||     7
Invok: Stomp             |       |     1 ||     1
       Line Pass         |       |     1 ||     1
  Use: Scroll            |       |     5 ||     5
 Stab: Sleeping          |       |     3 ||     3
  Eat: Chunk             |     1 |    10 ||    11
Armor: Skin              |    31 |    56 ||    87
Dodge: Dodged            |    78 |   142 ||   220
